 Dungeon Crawl Stone Soup version 0.29-a0-541-gaf1fc19f1b (webtiles) character file.

Game seed: 17089523752367863328

47 Hubjo the Firebug (level 3, 0/20 HPs)
             Began as a Deep Elf Fire Elementalist on June 2, 2022.
             Succumbed to an adder's poison
             ... on level 2 of the Dungeon.
             The game lasted 00:02:47 (2883 turns).

Hubjo the Firebug (Deep Elf Fire Elementalist)      Turns: 2883, Time: 00:02:48

Health: 0/20       AC:  2    Str:  5    XL:     3   Next: 48%
Magic:  8/10       EV: 12    Int: 21    God:
Gold:   45         SH:  0    Dex: 15    Spells: 8/9 levels left

rFire   . . .      SeeInvis .   (no weapon)
rCold   . . .      Faith    .   (no shield)
rNeg    . . .      Spirit   .   a - +0 robe
rPois   .          Reflect  .   (no helmet)
rElec   .          Harm     .   (no cloak)
rCorr   .          Rampage  .   (no gloves)
Will    .....                   (no boots)
Stlth   ++........              (no amulet)
HPRegen 0.06/turn               (no ring)
MPRegen 0.12/turn               (no ring)

@: lethally poisoned (0 -> -4)
A: no striking features
a: no special abilities


You were on level 2 of the Dungeon.
You visited 1 branch of the dungeon, and saw 2 of its levels.

You collected 45 gold pieces.

Inventory:

Armour
 a - a +0 robe (worn)
Scrolls
 c - a scroll of noise {unknown}
 d - a scroll of fog {unknown}
 g - a scroll of brand weapon {unknown}
 h - a scroll of teleportation {unknown}
 k - 3 scrolls of identify {unknown}
 l - a scroll of poison {unknown}
 m - a scroll of acquirement {unknown}
Potions
 b - a potion of magic
 e - a potion of might {unknown}
 f - a potion of heal wounds {unknown}
 i - a potion of brilliance {unknown}
 j - a potion of mutation {unknown}


   Skills:
 * Level 1.5 Fighting
 - Level 2.4 Dodging
 + Level 3.1 Stealth
 + Level 3.5 Spellcasting
 - Level 1.1 Conjurations
 + Level 3.7 Fire Magic


You had 8 spell levels left.
You knew the following spells:

 Your Spells              Type           Power      Damage    Failure   Level
a - Foxfire               Conj/Fire      52%        2x1d6     4%          1

Your spell library contained the following spells:

 Spells                   Type           Power      Damage    Failure   Level
 Scorch                   Fire           38%        2d6       4%          2
 Conjure Flame            Conj/Fire      13%        6-21      14%         3
 Inner Flame              Hex/Fire       11%        N/A       17%         3
 Flame Wave               Conj/Fire      13%        2d6       43%         4


Dungeon Overview and Level Annotations

Branches:
Dungeon (2/15)

Altars:

Shops:
D:1 =(*   D:2 (

Annotations:
D:2 1 runed translucent door, Crazy Yiuf


Message History

An adder is nearby!
You conjure some foxfire!
The foxfire hits the adder.
The adder is moderately wounded.
You conjure some foxfire!
An endoplasm comes into view.
The foxfire hits the adder.
The adder is severely wounded.
The adder bites you.
You are poisoned.
The adder poisons you!
There is not enough space to conjure foxfire!
You feel sick. The adder bites you but does no damage.
There is not enough space to conjure foxfire!
You feel sick. The adder closely misses you.
You feel sick. The adder completely misses you.
The adder bites you but does no damage.
There is not enough space to conjure foxfire!
Your foxfire dissipates!
You feel sick. The adder attacks as you move away! The adder barely misses you.
You feel sick.
You feel sick.
You feel sick.
You are no longer poisoned.
The adder barely misses you.
You conjure some foxfire!
The adder bites you.
You are poisoned.
The adder poisons you! The adder completely misses you.
You feel sick.
The foxfire hits the adder.
You kill the adder!
You are too injured to fight recklessly!
You feel sick. The endoplasm barely misses you.
You are too injured to fight recklessly!
You are too injured to fight recklessly!
You feel sick. The endoplasm freezes you.
You are frozen.
* * * LOW HITPOINT WARNING * * *
You are too injured to fight recklessly!
You die...

#.# #.# #.# #.#
#.# #.# #.#
#############.#
............J@#
.##############


You could see an endoplasm.

Vanquished Creatures
  An adder (D:2)
  A dart slug (D:2)
  2 ball pythons
  4 endoplasms (D:1)
  3 giant cockroaches
  2 goblins (D:2)
  2 hobgoblins (D:1)
  3 quokkas
  7 bats
  3 frilled lizards
  3 kobolds (D:1)
  3 rats (D:2)
34 creatures vanquished.

Vanquished Creatures (others)
  267 foxfires
  A fungus (D:2)
268 creatures vanquished.

Grand Total: 302 creatures vanquished

Notes
Turn   | Place    | Note
-------+----------+-------------------------------------------
     0 | D:1      | Hubjo the Deep Elf Fire Elementalist began the quest for
                  | the Orb.
     0 | D:1      | Reached XP level 1. HP: 10/10 MP: 6/6
   218 | D:1      | Found a faded altar of an unknown god.
   287 | D:1      | Found Jakhlajo's Antique Weapon Emporium.
   290 | D:1      | Found Darayh's Assorted Antiques.
   555 | D:1      | Reached XP level 2. HP: 16/16 MP: 5/8
  1075 | D:1      | Reached skill level 1 in Fighting
  1318 | D:1      | Found Gyonar's Jewellery Emporium.
  2055 | D:2      | Found a runed translucent door.
  2056 | D:2      | Noticed Crazy Yiuf
  2114 | D:2      | Reached XP level 3. HP: 20/20 MP: 7/9
  2576 | D:2      | Found Sarun's Weapon Emporium.
  2882 | D:2      | HP: 1/20 [frozen (5)]
  2883 | D:2      | Succumbed to an adder's poison

Illustrated notes

Levels and vault maps discovered:
D:1:      minmay_arrival_cross, layout_basic, serial_shops, shop,
          nicolae_square_shop, nicolae_square_shop,
          hellmonk_ecumenical_altar_run_dry, minmay_tetromino_l2
D:2:      layout_basic, serial_shops, shop, uniq_robin, uniq_crazy_yiuf_cottage

Skill      XL: |  1  2  3 |
---------------+----------+-----
Fighting       | 1 |  1.5
Stealth        | 3 |  3.1
Dodging        | |  2.4
Spellcasting   | |  3.5
Conjurations   | |  1.1
Fire Magic     | |  3.7

Action                   || total
-------------------------++-------
Melee: Unarmed           ||     2
 Cast: Foxfire           ||   161
Armor: Robe              ||     9
Dodge: Dodged            ||    23

Table legend: (Time is in decaauts)
 A = Elapsed time spent in this place.
 B = Non-inter-level travel time spent in this place.
 C = Inter-level travel time spent in this place.
 D = Time resting spent in this place.
 E = Time spent auto-exploring this place.
 F = Levels seen in this place.
 G = Mean time per level.
                   A        B        C        D        E       F      G
               +--------+--------+--------+--------+--------+-----+--------+
         Total |   2882 |   2876 |      6 |      0 |   2539 |   2 | 1441.0 |
       Dungeon |   2882 |   2876 |      6 |      0 |   2539 |   2 | 1441.0 |
               +--------+--------+--------+--------+--------+-----+--------+

Top non-repeatable levels by time:
     D:1: 1754 daAuts
     D:2: 1128 daAuts
